 Dungeon Crawl Stone Soup version 0.17.2-1-ge4368a0 (webtiles) character file.

1220 hurricos the Destroyer (level 8, -1/41 HPs)
             Began as a Tengu Wizard on Oct 15, 2016.
             Was an Initiate of Makhleb.
             Slain by an orc
             ... wielding a +0 hand axe
              (2 damage)
             ... on level 6 of the Dungeon.
             The game lasted 00:08:05 (4949 turns).

hurricos the Destroyer (Tengu Wizard)               Turns: 4949, Time: 00:08:05

Health: -1/41      AC:  5    Str:  7    XL:     8   Next: 47%
Magic:  6/16       EV: 12    Int: 21    God:    Makhleb [......]
Gold:   269        SH:  0    Dex: 13    Spells: 5 memorised, 6 levels left

rFire  . . .     SeeInvis .     a - +3 dagger (speed)
rCold  . . .     Clarity  .     h - +0 robe
rNeg   . . .     SustAt   .     (no shield)
rPois  .         Gourm    .     b - +1 hat
rElec  .         Spirit   .     v - +1 cloak {MR+}
rCorr  .         Warding  .     (no gloves)
rMut   .         Stasis   .     (boots unavailable)
MR     +....                    (no amulet)
Stlth  ++........               (no ring)
                                (no ring)

@: somewhat resistant to hostile enchantments, unstealthy
A: beak, talons 3, able to fly 1
a: Fly, Renounce Religion


You were on level 6 of the Dungeon.
You worshipped Makhleb.
Makhleb was noncommittal.
You were not hungry.

You visited 1 branch of the dungeon, and saw 6 of its levels.

You collected 269 gold pieces.

Inventory:

Hand Weapons
 a - a +3 dagger of speed (weapon)
 m - a +0 dagger
 q - a +0 dagger of draining
Armour
 b - a +1 hat (worn)
 h - a +0 robe (worn)
 v - a +1 cloak of magic resistance (worn)
Wands
 x - a wand of magic darts (16)
 y - a wand of digging (14)
Scrolls
 e - a scroll of noise {unknown}
 g - a scroll of identify
 j - a scroll of magic mapping
 p - 5 scrolls of blinking
 w - a scroll of enchant weapon
Potions
 k - 2 potions of cure mutation {unknown}
 l - a potion of degeneration {unknown}
 n - a potion of poison {unknown}
Books
 c - a book of Minor Magic

   Spells                             Type                      Level
   a - Magic Dart                     Conjuration                  1
   b - Blink                          Translocation                2
   c - Call Imp                       Summoning                    2
   d - Repel Missiles                 Charms/Air                   2
   e - Slow                           Hexes                        2
   f - Conjure Flame                  Conjuration/Fire             3
   g - Mephitic Cloud                 Conjuration/Poison/Air       3
 s - a book of Enchantments

   Spells                             Type                      Level
   a - Cause Fear                     Hexes                        4
   b - Silence                        Hexes/Air                    5
   c - Deflect Missiles               Charms/Air                   6
   d - Haste                          Charms                       6
   e - Discord                        Hexes                        8
Comestibles
 d - 3 bread rations
 r - 2 royal jellies
 t - 3 fruits
 u - 4 meat rations


   Skills:
 - Level 2.1 Dodging
 - Level 2.0 Stealth
 + Level 5.1 Spellcasting
 * Level 8.4 Conjurations
   Level 1.2 Summonings
 - Level 0.7 Translocations
 * Level 7.6 Air Magic


You had 6 spell levels left.
You knew the following spells:

 Your Spells              Type           Power        Failure   Level  Hunger
a - Magic Dart            Conj           ####         1%          1    None
b - Blink                 Tloc           N/A          12%         2    None
d - Conjure Flame         Conj/Fire      ###.....     6%          3    ##.....
e - Mephitic Cloud        Conj/Pois/Air  ####....     3%          3    ##.....
k - Repel Missiles        Chrm/Air       ###...       3%          2    None


Dungeon Overview and Level Annotations

Branches:
Dungeon (6/15)
 Temple: D:4-7

Altars:
Ashenzari
Dithmenos
Gozag
Makhleb
Nemelex Xobeh
Vehumet
Xom
Zin

Shops:
D:4 :   D:5 *

Annotations:
D:6 Pikel


Innate Abilities, Weirdness & Mutations

You have a beak for a mouth.
You have claws for feet.
You can fly.


Message History

You peck the orc.
The orc is severely wounded.
The hound closely misses you. The slave hits you.
* * * LOW HITPOINT WARNING * * *
You miss something.
The gnoll shouts!
Your kick misses something. Your peck misses something. The orc misses you.
Something hits you but does no damage. The hound closely misses you.
Unknown command.
The gnoll shouts!
You hit something but do no damage. The slave closely misses you.
The hound bites you but does no damage. Something hits you.
* * * LOW HITPOINT WARNING * * *
An orc wizard comes into view. It is wielding a dagger.
Drink which item? (? for menu, Esc to quit)
It was a potion of cancellation.
Your magical effects are unravelling.
Your magical contamination has completely faded away.
You feel magically purged. The orc hits you with a hand axe.
You die...

#. ...o. ..# ## ##..
#o.. ..####...
....###o###.......g
#...#...#....#go.
#...._.o.....g..
####..#...#.o#.##...
.....###.###o.......
#...#..p#h.#.#....
.####.....o@..?......
................##..
#######.######### ..
..........# #
#<###....## #....#
##### #....# #....
###'## ##### #.# #


You could see a slave, a hound, an orc wizard (wandering), 2 gnolls and 3 orcs.

Vanquished Creatures
  Grinder (D:4)
  3 ogres
  A centaur (D:5)
  A giant frog (D:5)
  2 scorpions (D:4)
  2 crimson imps (D:5)
  An orc priest (D:3)
  A jelly (D:5)
  4 hounds
  5 worker ants
  2 orc wizards
  A hound skeleton (D:4)
  4 adders
  A gnoll (D:1)
  A shadow imp (D:5)
  2 adder zombies (D:3)
  An adder skeleton (D:5)
  2 worms (D:2)
  6 giant geckos
  11 orcs
  5 giant cockroaches
  10 goblins
  6 hobgoblins
  6 kobolds
  3 quokkas
  7 bats
  A giant cockroach zombie (D:3)
  5 giant newts
  4 jackals (D:5)
  A quokka zombie (D:3)
  4 rats
104 creatures vanquished.

Notes
Turn   | Place    | Note
--------------------------------------------------------------
     0 | D:1      | hurricos the Tengu Wizard began the quest for the Orb.
     0 | D:1      | Reached XP level 1. HP: 10/10 MP: 5/5
     2 | D:1      | Noticed an ogre
     4 | D:1      | Noticed an octopode
     4 | D:1      | Noticed a felid
     6 | D:1      | Noticed a demonspawn
     6 | D:1      | Noticed a gargoyle
    10 | D:1      | Noticed a vine stalker
    10 | D:1      | Noticed a dwarf
    12 | D:1      | Noticed a ghoul
    14 | D:1      | Noticed a centaur
    14 | D:1      | Noticed a merfolk
    16 | D:1      | Noticed a human
    16 | D:1      | Noticed a vampire
    18 | D:1      | Noticed a draconian
    20 | D:1      | Noticed a demigod
    20 | D:1      | Noticed a naga
    22 | D:1      | Noticed a formicid
    22 | D:1      | Noticed a spriggan
    24 | D:1      | Noticed a troll
    24 | D:1      | Noticed a tengu
    26 | D:1      | Noticed a minotaur
    26 | D:1      | Noticed an elf
   312 | D:1      | Reached XP level 2. HP: 15/15 MP: 1/7
   553 | D:1      | Reached XP level 3. HP: 19/19 MP: 5/8
   937 | D:2      | Learned a level 2 spell: Repel Missiles
   941 | D:2      | Learned a level 2 spell: Blink
   945 | D:2      | Learned a level 3 spell: Mephitic Cloud
  1167 | D:2      | Found a glowing silver altar of Zin.
  1223 | D:2      | Reached skill level 1 in Air Magic
  1298 | D:2      | Found an opulent altar of Gozag.
  1379 | D:2      | Found a shadowy altar of Dithmenos.
  1386 | D:2      | Reached XP level 4. HP: 24/24 MP: 1/10
  1687 | D:2      | Found a shimmering altar of Xom.
  2060 | D:3      | Reached skill level 4 in Conjurations
  2403 | D:3      | Gained mutation: You can fly. [Tengu growth]
  2403 | D:3      | Reached XP level 5. HP: 12/28 MP: 4/11
  2654 | D:3      | Found a sparkling altar of Nemelex Xobeh.
  2878 | D:3      | Learned a level 3 spell: Conjure Flame
  2924 | D:4      | Found Jascheh's Book Shoppe.
  2956 | D:4      | Reached skill level 5 in Conjurations
  2956 | D:4      | Reached XP level 6. HP: 11/32 MP: 4/12
  3235 | D:4      | Noticed Grinder
  3372 | D:4      | Killed Grinder
  3372 | D:4      | Reached skill level 6 in Conjurations
  3372 | D:4      | Reached skill level 5 in Air Magic
  3372 | D:4      | Reached XP level 7. HP: 27/36 MP: 12/14
  3561 | D:4      | Noticed an ogre
  3579 | D:4      | Killed an ogre
  3579 | D:4      | Reached skill level 7 in Conjurations
  3928 | D:5      | Entered Level 5 of the Dungeon
  3966 | D:5      | Reached XP level 8. HP: 37/41 MP: 6/16
  4175 | D:5      | Found an opulent altar of Gozag.
  4190 | D:5      | Found Gozag's Platinum Reserve.
  4346 | D:5      | Found a burning altar of Makhleb.
  4348 | D:5      | Reached skill level 5 in Spellcasting
  4374 | D:5      | Became a worshipper of Makhleb the Destroyer
  4390 | D:5      | Reached skill level 8 in Conjurations
  4800 | D:6      | Noticed Pikel
  4879 | D:6      | Found a shattered altar of Ashenzari.
  4887 | D:6      | HP: 2/41 [poisoned by a worker ant]
  4934 | D:6      | Found a radiant altar of Vehumet.
  4948 | D:6      | HP: 1/41 [something (2)]
  4949 | D:6      | Slain by an orc

Action                   |  1- 3 |  4- 6 |  7- 9 || total
-------------------------+-------+-------+-------++-------
Melee: Dagger            |    22 |    82 |    41 ||   145
 Cast: Magic Dart        |    65 |    79 |   101 ||   245
       Repel Missiles    |     1 |       |       ||     1
       Mephitic Cloud    |       |     2 |     7 ||     9
       Blink             |       |       |    13 ||    13
 Abil: Fly               |       |       |     1 ||     1
  Use: Scroll            |     5 |     5 |       ||    10
       Potion            |       |     6 |     7 ||    13
 Stab: Sleeping          |     1 |     1 |       ||     2
       Confused          |       |     1 |       ||     1
  Eat: Bread ration      |     1 |     1 |       ||     2
       Chunk             |       |     1 |     3 ||     4
